Tricky Trev, chaotic male elven Wizard }}}}}}}}}}}}}}}}}}}}}}}}}}}}}}}}}}}}}}}}}}}}}}}}}}}}}}}}}}}}}}}}}}}}}}}}}}} }}}}}}}}}}}}}}}}}}}}}}}}}}}}}}}}}}}}}}}}}}}}}}}}}}}}}}}}}}}}}}}}}}}}}}}}}}} }}.}}}}}..}}}}}......}}}}}}}}}}}}}}}}}}}}}}}}}}}}}}}}}}}}}}}`...}}}...}}}}} }...}}.`...}}}}}....}}}}}}}}}}}}}}}}}}}}}}}}}}}}}}}}}}}}}}}....%.......`..} }....}}}}}}}}}}....}}}..}}}}}}}}}}}.....`+}}}}}}}}}}}}}}}}..}}.....}}}...}} }....}}}}}}}}.....}}}}=.}}}}}}.................}}}}}}}}}}}.}}}}.....}}...}} }..^.}}}}}}}}}}}}.}}}}.}}}}}}.-----------------.}}}}}}}}}}}}}}}}}.........} }....}}}}}}}}}}}}}}}}}}.}}}...| ..[...........}}}}}}}}}}}}}}}}}}}....}} }c....}.}}....}}}}}}}}}.}}....--------.--------*..`}}}}}}..}}}}}}}}}}}...}} }......}}}}..}}}}}}}}}}}}}........|`......|........}}}}}....}}}}}}}}}}}}}}} }.....}}}}}}}}}}}}}}}}}}}}...T....|.**.*..|..`.....}}}}}...}}}}}}}}}.}}}}}} }.....}}}}}}}}}}}}}}}}}}}}...@--------+--------....}}}}}}.}.}}}}}}}}}}}}}}} }......}}}}}}}}}}}}}}}}}}}}..c| |...}}}}}}}}}}}}}}}}}.}}}}}}} }.......}}}}}}}..}}}}}}}}}:}}.- -.}}}}}}}}}}}}}}}}}....}}}}}} }....<...}}.}}....}}}}}}}}}}}}... }}}}}..}}}}}}}}}.......}}}}} }.......}}}}}}}......}}}}}}}}}}}}}}.. }}}}}.....}}}}}}..`}}..}}}}}} }.....}}}}}}}}}}}..YZ.}}}}}}}}}}}}}}}}}}}} }}}}}}..}}}}}}}}}}^...}}}}}}} }}..}}}}}}}}}}}}}....}}}}}}}}}}}}}}}}}}}}}}...}}..}}}}}}}.}}.}}}}..}}}}}}}} }}}}}}}}}}}}}}}}}}}}}}}}}}}}}}}}}}}}}}}}}}}}}}}}}}}}}}}}}}}}}}}}}}}}}}}}}}} }}}}}}}}}}}}}}}}}}}}}}}}}}}}}}}}}}}}}}}}}}}}}}}}}}}}}}}}}}}}}}}}}}}}}}}}}}} Tricky Trev the Conjurer Experience level: 4 Strength: 11 Dexterity: 11 Constitution: 12 Intelligence: 20 Wisdom: 12 Charisma: 10 Health: 0(31) Energy: 15(43) Def: 6 Gold: 611 Moves: 1479 Dungeon seed: Bt4xPvWzbaJh4Xmt Game ID: Tricky Trev_1529590963 Your Inventory: Coins $ - 611 gold pieces Weapons a - a blessed +1 quarterstaff W - 8 +0 darts Armor e - an uncursed +0 cloak of magic resistance (being worn) q - an uncursed +0 studded leather armor (being worn) r - a cursed +0 shield of reflection y - a blessed +1 pair of speed boots (being worn) z - a cursed +0 pair of levitation boots Scrolls h - an uncursed scroll of light i - 2 uncursed scrolls of identify j - an uncursed scroll of teleportation P - an uncursed scroll of destroy armor U - a cursed scroll of enchant armor V - an uncursed scroll of remove curse Potions f - 2 uncursed potions of monster detection g - an uncursed potion of fruit juice k - a cursed potion of hallucination p - a blessed potion of speed Z - an uncursed potion of sleeping Rings c - an uncursed +2 ring of adornment d - a blessed +2 ring of increase accuracy (on left hand) o - an uncursed ring of polymorph control S - an uncursed -1 ring of increase accuracy Wands b - a wand of teleportation (0:6) Tools l - an uncursed skeleton key m - an uncursed bell n - an uncursed towel E - an uncursed credit card F - a +0 pick-axe (weapon in hand) K - an uncursed tallow candle (0:200) M - 3 blessed tallow candles (0:200) N - an expensive camera (0:83) Spells and supernatural/magical abilities: Name Level Category Fail Memory a - force bolt 1 attack 0% 93% e - charm monster 3 enchantment 0% 98% i - invisibility 4 escape 94% 100% m - magic missile 2 attack 0% 96% n - detect monsters 1 divination 0% 96% u - confuse monster 2 enchantment 0% 98% D - drain life 2 attack 0% 93% W - pray for help -- divine ? -- Your skills at the end: Fighting Skills Weapon Skills quarterstaff [Basic] Spellcasting Skills attack spells [Basic] enchantment spells [Basic] Final Attributes: You were piously aligned. You were sleep resistant. You were magic-protected. You were telepathic. You had infravision. You had a +2 bonus to hit. You were very fast. You are dead. Vanquished creatures: 2 gnomish wizards 2 floating eyes 2 dwarves 3 gnomes 4 jackals a grid bug 3 lichens a newt 18 creatures vanquished. Voluntary challenges: You used a wielded weapon 15 times, starting on turn 410. You read items or engraved 55 times, starting on turn 21. You never genocided any monsters. You never polymorphed an object. You never changed form. You used no wishes. You never split a pudding. You wrote Elbereth's name 22 times, starting on turn 416. You never violated your personal moral code. Dungeon overview: The Dungeons of Doom: levels 1 to 27 Level 1 a fountain a long staircase Level 2 a general store stairs to The Gnomish Mines Level 3 Level 4 Level 5 a fountain Level 6 Level 7 a fountain Level 8 Level 9 Level 10 Level 11 Level 12 Level 13 Level 14 Level 15 a fountain Level 16 Level 17 Level 18 Level 19 Level 20 Level 21 Level 22 Level 23 Level 24 Level 25 Level 26 <- You were here Level 27 The Gnomish Mines: levels 3 to 6 Level 3 stairs to The Dungeons of Doom Level 4 Level 5 Level 6 many shops, a temple to Thoth, some fountains History has recorded: On T:1 you entered the Dungeons of Doom to retrieve the Amulet of Yendor! On T:226 you reached level 2 of The Dungeons of Doom. On T:414 you reached level 1 of The Gnomish Mines. On T:425 you reached level 2 of The Gnomish Mines. On T:432 you advanced to experience level 2. On T:449 you reached level 3 of The Gnomish Mines. On T:466 you reached level 4 of The Gnomish Mines. On T:624 you advanced to experience level 3. On T:881 you reached level 3 of The Dungeons of Doom. On T:901 you reached level 4 of The Dungeons of Doom. On T:921 you reached level 5 of The Dungeons of Doom. On T:936 you reached level 6 of The Dungeons of Doom. On T:964 you advanced to experience level 4. On T:999 you reached level 9 of The Dungeons of Doom. On T:1012 you reached level 10 of The Dungeons of Doom. On T:1028 you reached level 11 of The Dungeons of Doom. On T:1035 you reached level 12 of The Dungeons of Doom. On T:1049 you reached level 13 of The Dungeons of Doom. On T:1065 you reached level 14 of The Dungeons of Doom. On T:1078 you reached level 15 of The Dungeons of Doom. On T:1090 you reached level 16 of The Dungeons of Doom. On T:1104 you reached level 17 of The Dungeons of Doom. On T:1116 you reached level 18 of The Dungeons of Doom. On T:1146 you reached level 19 of The Dungeons of Doom. On T:1161 you reached level 20 of The Dungeons of Doom. On T:1174 you reached level 21 of The Dungeons of Doom. On T:1187 you reached level 22 of The Dungeons of Doom. On T:1200 you reached level 23 of The Dungeons of Doom. On T:1203 you reached level 24 of The Dungeons of Doom. On T:1217 you reached level 25 of The Dungeons of Doom. On T:1231 you reached level 26 of The Dungeons of Doom. On T:1265 you reached The Castle. Score breakdown: Gold: 611 ( 9479 points) Experience: 4 levels ( 9649 points) Exploration: 27 levels ( 52.94%) (21633 points) Discoveries: 10 items ( 3.60%) ( 5689 points) Valuables value: (no points given unless you survive) Artifact value: 0 ( 0 points) Variety of kills: 8 monsters ( 2.10%) ( 4347 points) Turncount: 1479 turns ( 0 points) Survival: died (score multiplied by 80%) Total score: 40637 Latest messages: You see here a leather armor. A board beneath you squeaks loudly. You start digging. You hit the rock with all your might. You break through a secret door! A trap door in the ceiling opens and a rock falls on your head! You start digging. This wall is too hard to dig into. You have a little trouble lifting k - a brilliant blue potion. A giant eel was hidden under the water! The giant eel bites! The giant eel brushes against your leg. You see here a spellbook of detect monsters. You have a little trouble lifting p - a potion of speed. You write in the dust with your fingers. You add to the writing in the dust with your fingers. The cockatrice turns to flee! You start digging. You hit the rock with all your might. You stop digging. The water troll hits! You die... Final status: Goodbye Tricky Trev the Wizard, killed by a water troll... You died in The Dungeons of Doom on dungeon level 26 with 40637 points, and 611 pieces of gold, after 1479 moves. You were level 4 with a maximum of 31 hit points when you died.